Map: 에코 - 래더 (공허)

Players

Nerchio

  • Race: Zerg Zerg
  • Spawn Location: 11:00

Maru - Winner!

  • Race: Terran Terran
  • League: Diamond
  • Spawn Location: 5:00

Event: WESG 2016 Finals

VOD

Have the link to the VOD?

Description

Time

  • Played on: Jan. 12, 2017, 2:01 a.m.
  • Length: 11:30

All games in this series

Show
View Real Time Build Order
Export as new Build Order

Nerchio Zerg 

Build Orders: Hatch First 

Get SALT Encoding   

  12  0:00  Drone  
  13  0:12  Overlord  
  13  0:16  Drone  
  14  0:31  Drone x2  
  14  0:34  Drone  
  17  0:51  Hatchery  
  17  0:54  Drone  
  17  0:57  Drone  
  18  1:06  Extractor  
  17  1:12  Spawning Pool  
  17  1:16  Drone  
  17  1:19  Drone  
  18  1:28  Drone  
  19  1:38  Overlord  
  19  1:49  Drone  
  20  1:59  Queen  
  20  2:00  Zergling x2  
  23  2:03  Queen  
  23  2:05  Zergling x2  
  26  2:09  Metabolic Boost  
  26  2:12  Drone  
  26  2:15  Drone  
  28  2:23  Drone  
  29  2:36  Hatchery  
  27  2:37  Drone  
  27  2:40  Drone  
  27  2:43  Zergling x2  
  29  2:46  Drone  
  29  2:48  Drone  
  31  2:55  Queen  
  33  3:00  Overlord  
  33  3:02  Zergling x2  
  34  3:09  Zergling x2  
  35  3:13  Zergling x2  
  35  3:18  Drone x5  
  42  3:20  Drone  
  42  3:24  Overlord  
  43  3:27  Drone  
  43  3:42  Queen  
  43  3:44  Zergling x6  
  43  3:45  Drone x2  
  49  3:49  Evolution Chamber  
  49  3:53  Overlord  
  49  3:55  Drone x2  
  50  3:58  Extractor  
  49  4:03  Drone, Queen  
  49  4:05  Drone x2  
  49  4:06  Drone  
  49  4:09  Drone  
  55  4:10  Drone  
  55  4:12  Drone  
  55  4:14  Drone  
  57  4:18  Drone x3  
  60  4:28  Queen  
  60  4:30  Zerg Ground Armor Level 1  
  61  4:33  Drone, Evolution Chamber  
  61  4:34  Drone  
  61  4:36  Drone  
  63  4:44  Zergling x4  
  63  4:49  Drone x2  
  63  4:51  Overlord x2  
  65  4:53  Overlord  
  65  4:56  Extractor x2  
  63  5:05  Drone x2  
  63  5:07  Overlord  
  65  5:10  Drone x5  
  65  5:11  Drone  
  65  5:12  Drone, Zerg Melee Weapons Level 1  
  73  5:16  Drone, Lair  
  73  5:17  Roach Warren  
  73  5:20  Extractor  
  72  5:21  Overlord  
  72  5:22  Drone x2  
  72  5:25  Drone  
  72  5:26  Drone  
  72  5:27  Drone x3  
  79  5:32  Extractor  
  78  5:35  Drone  
  78  5:36  Spore Crawler  
  78  5:37  Spore Crawler  
  78  5:40  Drone  
  78  5:41  Drone x3  
  81  5:46  Overlord  
  83  5:57  Roach x5  
  83  5:59  Roach  
  83  6:03  Hatchery  
  83  6:04  Roach x3  
  98  6:08  Roach  
  98  6:09  Roach x2  
  104  6:13  Glial Reconstitution  
  104  6:16  Roach x3  
  104  6:18  Overlord  
  110  6:24  Overlord x2  
  110  6:28  Infestation Pit  
  110  6:29  Roach x2  
  114  6:33  Overlord x3  
  114  6:34  Zerg Ground Armor Level 2  
  113  6:40  Spore Crawler  
  113  6:43  Hatchery  
  111  6:50  Drone x6  
  117  6:54  Overlord  
  117  6:58  Ravager  
  117  6:59  Ravager x3  
  121  7:02  Extractor  
  121  7:03  Roach x3  
  121  7:05  Roach  
  121  7:07  Roach  
  121  7:08  Roach  
  132  7:10  Roach  
  132  7:11  Zergling x6  
  132  7:15  Roach  
  139  7:18  Roach x3  
  139  7:20  Extractor  
  139  7:22  Roach x2  
  133  7:25  Roach x2  
  133  7:27  Roach  
  133  7:28  Roach  
  121  7:31  Roach  
  121  7:32  Roach  
  121  7:34  Roach  
  121  7:36  Roach  
  119  7:37  Roach  
  119  7:39  Roach  
  119  7:43  Roach x2  
  127  7:47  Roach x2  
  127  7:49  Roach  
  127  7:50  Roach  
  135  7:52  Roach  
  135  7:55  Roach  
  139  8:04  Drone  
  139  8:05  Drone x2  
  142  8:06  Queen  
  142  8:08  Infestor  
  142  8:11  Zerg Melee Weapons Level 2  
  146  8:14  Zergling x4  
  146  8:17  Ravager  
  146  8:18  Zergling x2  
  146  8:19  Zergling x10  
  155  8:20  Ravager  
  155  8:25  Zergling x10  
  159  8:31  Zergling x6  
  152  8:47  Drone x2, Hive  
  154  8:50  Drone x2, Baneling Nest, Spire  
  154  8:53  Queen  
  156  8:57  Ravager x2  
  156  8:58  Ravager  
  156  9:00  Overlord x2  
  157  9:10  Drone x2  
  158  9:20  Spore Crawler  
  158  9:23  Zergling x2  
  158  9:24  Zergling x14  
  165  9:29  Ravager x2  
  167  9:31  Overlord  
  165  9:42  Hatchery, Zergling x10  
  165  9:43  Zergling x16  
  174  9:48  Zergling x8  
  154  9:54  Roach x2  
  154  9:57  Roach x2  
  137  10:00  Roach x3  
  137  10:03  Roach x2  
  137  10:04  Roach  
  137  10:06  Roach  
  128  10:11  Ravager x4  
  128  10:12  Ravager  
  126  10:17  Drone x3  
  127  10:22  Zergling x8  
  125  10:35  Ravager x9  
  130  10:44  Zergling x2  
  130  10:45  Zergling x12  
  129  10:54  Roach x2  
  129  10:55  Roach x2  
  129  10:56  Zergling x2  
  134  10:59  Zergling x2  
  134  11:02  Zergling x4  
  127  11:05  Zergling x4  
  123  11:13  Drone x2  
Show
View Real Time Build Order
Export as new Build Order

Maru Terran - Winner!

Build Orders: Reaper Expand, MMM Bio 

Get SALT Encoding   

  12  0:00  SCV  
  13  0:13  SCV  
  14  0:17  Supply Depot  
  14  0:25  SCV  
  15  0:38  SCV  
  15  0:39  Barracks  
  16  0:45  Refinery  
  16  0:50  SCV  
  17  1:02  SCV  
  18  1:14  SCV  
  19  1:27  Orbital Command, Reaper  
  20  1:38  Command Center  
  20  1:49  Supply Depot  
  20  1:53  SCV  
  21  1:59  Marine  
  22  2:05  SCV  
  23  2:13  Factory  
  23  2:17  SCV  
  23  2:22  Barracks Reactor  
  24  2:30  SCV  
  25  2:42  SCV  
  25  2:43  Command Center  
  26  2:51  Orbital Command  
  26  2:55  SCV  
  27  3:04  Hellion x2  
  31  3:07  Barracks Tech Lab, SCV  
  32  3:17  SCV  
  32  3:19  SCV  
  34  3:22  Supply Depot  
  34  3:25  Hellion x2  
  34  3:26  Stimpack  
  38  3:27  Marine  
  38  3:29  SCV  
  38  3:31  SCV  
  41  3:41  SCV  
  42  3:45  Engineering Bay  
  42  3:46  SCV  
  42  3:47  Engineering Bay  
  43  3:53  SCV  
  43  3:54  Orbital Command  
  44  3:56  Supply Depot  
  44  3:58  SCV  
  44  4:02  Marine  
  46  4:04  Barracks  
  46  4:05  SCV  
  47  4:10  SCV  
  47  4:11  Barracks, Factory Reactor  
  48  4:17  SCV  
  48  4:22  SCV  
  50  4:25  SCV, Terran Infantry Weapons Level 1  
  50  4:29  Refinery x2, SCV  
  52  4:33  Marine  
  52  4:34  SCV  
  52  4:37  SCV  
  55  4:41  SCV  
  54  4:46  SCV, Orbital Command  
  54  4:49  Starport  
  54  4:51  Marine  
  56  4:55  SCV  
  56  4:56  Barracks, Factory Reactor  
  56  4:57  Barracks  
  56  4:58  SCV  
  58  5:05  Marine x2  
  58  5:06  Marine x2  
  62  5:08  SCV  
  62  5:09  Marine  
  62  5:10  SCV  
  62  5:13  SCV, Supply Depot, Terran Infantry Armor Level 1  
  66  5:20  SCV  
  67  5:22  SCV  
  67  5:23  Marine x2  
  67  5:25  SCV  
  71  5:28  Marine x2, Combat Shields  
  71  5:32  SCV  
  71  5:34  SCV  
  75  5:36  Marine  
  75  5:37  Supply Depot  
  75  5:38  SCV  
  75  5:39  Refinery  
  75  5:40  Refinery  
  75  5:41  Marine x2  
  79  5:44  SCV, Factory Reactor  
  79  5:45  Barracks Reactor  
  79  5:46  Armory  
  79  5:47  Marine x2, SCV  
  83  5:50  SCV  
  83  5:54  Marine  
  85  5:58  Barracks Reactor, SCV  
  85  5:59  Marine x2, SCV, Supply Depot  
  85  6:01  Supply Depot  
  85  6:02  SCV  
  90  6:05  Marine x2  
  90  6:11  Marine, Supply Depot  
  92  6:18  Supply Depot x2  
  93  6:21  Marine, SCV x3, Medivac x2  
  101  6:30  Marine x6, Widow Mine  
  101  6:32  Widow Mine  
  111  6:33  SCV x2  
  111  6:37  Supply Depot  
  111  6:39  Marine, Supply Depot  
  114  6:40  Marine x2  
  114  6:46  Terran Infantry Weapons Level 2  
  116  6:47  Marine  
  116  6:48  Marine x3  
  116  6:51  Marine x2  
  122  6:57  Marine x3  
  122  7:01  Barracks  
  125  7:02  Barracks  
  125  7:03  Barracks  
  125  7:05  Marine  
  125  7:08  Terran Infantry Armor Level 2  
  126  7:13  Marine x4, Medivac x2  
  134  7:16  Marauder  
  134  7:17  Factory Tech Lab  
  120  7:23  Marine x2, SCV  
  120  7:29  Marine  
  111  7:37  Marauder  
  111  7:38  SCV x3  
  111  7:40  Supply Depot  
  111  7:41  Marine  
  111  7:42  Marine x6  
  123  7:46  Siege Tank  
  123  7:47  Marine  
  123  7:50  Barracks Tech Lab  
  127  7:51  Barracks Tech Lab  
  127  7:56  Refinery  
  127  7:59  Marauder, Marine  
  127  8:04  Marine x6  
  135  8:10  Supply Depot  
  135  8:11  Marauder x2  
  135  8:12  Marine  
  140  8:18  Siege Tank  
  143  8:20  Marauder  
  143  8:21  Supply Depot  
  145  8:29  Marine  
  145  8:30  Marine x6  
  145  8:33  Marauder x2  
  151  8:41  Marauder, Supply Depot  
  144  8:42  Concussive Shells  
  144  8:43  Medivac x2  
  148  8:52  Supply Depot, Siege Tank  
  148  8:54  Marauder  
  153  8:56  Liberator x2  
  153  8:57  Marine  
  153  8:58  Marauder, Marine  
  153  8:59  Marine x5  
  162  9:03  Missile Turret  
  162  9:09  Marine x3, Marauder  
  166  9:15  Marine, Marauder  
  166  9:16  Marine x2  
  177  9:19  Marauder  
  179  9:28  Marine  
  180  9:32  Command Center  
  180  9:33  Marine x2, Marauder  
  180  9:37  Marauder  
  186  9:40  Marauder  
  186  9:42  Marine  
  186  9:44  Marine  
  179  9:55  Marauder  
  179  9:57  Marine  
  179  9:58  Marine x6, Marauder  
  179  9:59  Medivac x2, Siege Tank  
  173  10:02  Marauder  
  173  10:04  Marine  
  173  10:05  Marine  
  161  10:08  Marine  
  159  10:15  Marine  
  159  10:16  Marauder  
  159  10:18  Marine x5  
  159  10:19  Marauder  
  169  10:22  Marine x2  
  169  10:23  Marauder  
  173  10:29  Medivac  
  173  10:31  Supply Depot, Siege Tank  
  173  10:33  Marine x2  
  180  10:37  Marauder  
  180  10:41  Marauder  
  184  10:44  Marauder  
  184  10:45  Marine x2  
  182  10:52  Marine  
  171  10:59  Marauder  
  171  11:00  Marine x2  
  171  11:02  Marauder  
  171  11:03  Marine  
  169  11:06  Marauder  
Tags
 
Add a new tag
Caveats
  • Supply blocks, unpowered buildings, or Contaminate may cause inaccurate times.
  • Supply counts are checked every 10 seconds.